[Event "Titled Tuesday Blitz May 4 2021"]
[White "Vovk, Orest"]
[Black "Berezin, Viktor"]
[WhiteFideId "14113490"]
[BlackFideId "14107872"]
[WhiteElo "2203"]
[BlackElo "2310"]
[Result "1-0"]
[Round "11"]
[TimeControl "180+1"]
[Date "2021.05.04"]
[WhiteClock "0:01:19"]
[BlackClock "0:00:34"]

1. d4 Nf6 2. Nf3 g6 3. Bg5 Bg7 4. Nbd2 d6 5. e4 O-O 6. Bd3 c5 7. c3 Nc6 8. O-O e5 9. dxe5 dxe5 10. Nc4 Qc7 11. Ne3 Ne7 12. Qc2 h6 13. Bxf6 Bxf6 14. Bc4 Bg7 15. Rad1 a6 16. a4 Rb8 17. Rd2 b5 18. axb5 axb5 19. Bd5 Kh7 20. Rfd1 Kh8 21. h3 f5 22. exf5 gxf5 23. Nh4 f4 24. Ng4 Bxg4 25. hxg4 Bf6 26. Ng6+ Nxg6 27. Qxg6 Qg7 28. Qh5 Rbd8 29. Be4 Rxd2 30. Rxd2 Rd8 31. Rxd8+ Bxd8 32. Qe8+ Qg8 33. Qxe5+ Qg7 34. Qxc5 Qd7 35. Qf8# 1-0


[Site "https://www.chess.com"]

[Event "Titled Tuesday Blitz May 4 2021"]
[White "Vukovic, Zdravko"]
[Black "Mirzoev, Azer"]
[WhiteFideId "900877"]
[BlackFideId "13400304"]
[WhiteElo "2494"]
[BlackElo "2525"]
[Result "0-1"]
[Round "11"]
[TimeControl "180+1"]
[Date "2021.05.04"]
[WhiteClock "0:00:10"]
[BlackClock "0:00:07"]

1. e4 c6 2. Ne2 d5 3. e5 c5 4. d4 Nc6 5. c3 e6 6. Nd2 Bd7 7. Nf3 Rc8 8. dxc5 Bxc5 9. Ned4 Nge7 10. Bd3 Ng6 11. Qe2 Qb6 12. Nb3 Be7 13. O-O a5 14. Be3 Qc7 15. Bd2 a4 16. Nbd4 Ngxe5 17. Nb5 Nxf3+ 18. Qxf3 Qe5 19. Bf4 Qf6 20. Qe3 O-O 21. Rae1 h6 22. Nd6 Bxd6 23. Bxd6 Rfe8 24. f4 Qd8 25. Qg3 f5 26. h3 Qf6 27. Re2 Ne7 28. Be5 Qf7 29. Rfe1 a3 30. b3 Ng6 31. Bd4 Kh7 32. Re3 Ne7 33. Qf2 Nc6 34. Bc5 Qf6 35. b4 Kh8 36. b5 Ne7 37. Bd4 Qf7 38. Rg3 Ng6 39. Be2 e5 40. fxe5 Nf8 41. Qf4 Ne6 42. Qd2 f4 43. Rf3 Rf8 44. Bd3 Qh5 45. Bb1 Rcd8 46. Qd3 Ng5 47. Rf2 Bf5 48. Qf1 Bxb1 49. Rxb1 f3 50. e6 Rde8 51. Re1 Rxe6 52. Rxe6 Nxe6 53. Rxf3 Rxf3 54. Qxf3 Qxf3 55. gxf3 Kg8 56. Be5 Kf7 57. Kf2 Nc5 58. Ke3 Ke6 59. Bxg7 h5 60. Kf4 Nd3+ 61. Kg5 Nc1 62. Bf8 Nxa2 63. Bxa3 Nxc3 64. b6 Ne2 65. Kxh5 d4 66. Bb4 d3 67. Kg6 Nf4+ 68. Kg5 Nxh3+ 69. Kg4 Nf2+ 70. Kg3 Nd1 71. f4 Ne3 72. Kf3 Nd5 73. Bd2 Kf5 74. Kg3 Ke4 75. Kg4 Ne7 76. Kg3 Nf5+ 77. Kg4 Nd4 78. Kg5 Nf3+ 79. Kg6 Nxd2 80. f5 Nc4 81. f6 Nd6 0-1


[Site "https://www.chess.com"]

[Event "Titled Tuesday Blitz May 4 2021"]
[White "Weetik, Vjacheslav"]
[Black "Maiorov, Nikita"]
[WhiteFideId "4153472"]
[BlackFideId "13501720"]
[WhiteElo "2469"]
[BlackElo "2440"]
[Result "1/2-1/2"]
[Round "11"]
[TimeControl "180+1"]
[Date "2021.05.04"]
[WhiteClock "0:00:07"]
[BlackClock "0:00:12"]

1. d4 Nf6 2. Bf4 e6 3. e3 c5 4. c3 b6 5. Nd2 Be7 6. h3 O-O 7. Ngf3 cxd4 8. exd4 Bb7 9. Bd3 d6 10. O-O Nbd7 11. Bh2 Re8 12. Re1 Bf8 13. a4 a6 14. Nc4 Qc7 15. Nfd2 Bc6 16. Qb3 Rab8 17. Qa3 e5 18. dxe5 dxe5 19. Qb3 Bd5 20. Qc2 b5 21. axb5 axb5 22. Ne3 Bc6 23. b4 Qb7 24. Nb3 Qc8 25. Rad1 Rb6 26. Qe2 Ne4 27. Rc1 Ndf6 28. Na5 Bd7 29. Nd5 Nxd5 30. Qxe4 Nf6 31. Qe3 Rbe6 32. Nb3 Nd5 33. Qe4 Nf6 34. Qe3 e4 35. Bf1 g6 36. c4 bxc4 37. Rxc4 Rc6 38. Nc5 Bf5 39. g4 Bxg4 40. hxg4 Nxg4 41. Qh3 Nxh2 42. Kh1 Nxf1 43. Qxc8 Rexc8 44. Rxf1 Bxc5 45. Rfc1 Bxb4 46. Rxc6 Rxc6 47. Rxc6 f5 48. Rc7 Bd6 49. Rd7 Be5 50. Kg2 Bg7 51. f3 exf3+ 52. Kxf3 h6 53. Kf4 Kh7 54. Rb7 Kg8 55. Rd7 Bf8 56. Ke5 Bg7+ 57. Kf4 1/2-1/2


[Site "https://www.chess.com"]

[Event "Titled Tuesday Blitz May 4 2021"]
[White "Williams, Simon K"]
[Black "Tarasova, Viktoriya"]
[WhiteFideId "404454"]
[BlackFideId "4175840"]
[WhiteElo "2468"]
[BlackElo "2182"]
[Result "1/2-1/2"]
[Round "11"]
[TimeControl "180+1"]
[Date "2021.05.04"]
[WhiteClock "0:00:15"]
[BlackClock "0:00:15"]

1. e4 e5 2. Nf3 Nc6 3. Bc4 Bc5 4. O-O d6 5. b4 Bb6 6. c3 Nf6 7. a4 a5 8. b5 Ne7 9. d3 h6 10. Nbd2 O-O 11. Bb3 Ng6 12. Nc4 Ba7 13. Be3 Bxe3 14. fxe3 Be6 15. Qe2 c6 16. bxc6 bxc6 17. Rab1 Qc7 18. Ncd2 Rab8 19. Bxe6 fxe6 20. d4 d5 21. Qd3 Rxb1 22. Rxb1 exd4 23. cxd4 Ne7 24. e5 Nd7 25. Nh4 Rb8 26. Rf1 c5 27. Ng6 Nxg6 28. Qxg6 Nf8 29. Qc2 Rc8 30. Nf3 cxd4 31. Qxc7 Rxc7 32. Nxd4 Rc4 33. Rb1 Rxa4 34. Rb8 Kf7 35. Rb7+ Kg6 36. Re7 Ra1+ 37. Kf2 Ra2+ 38. Kf3 a4 39. h4 h5 40. Nxe6 Nxe6 41. Rxe6+ Kf7 42. Rd6 Rd2 43. Ra6 Ra2 44. g3 a3 45. Ra5 Ke6 46. e4 d4 47. Kf4 d3 48. Ra6+ Ke7 49. Ra7+ Ke6 50. Ra6+ Ke7 51. Ra7+ Ke8 52. Ra8+ Kd7 53. Ra7+ Ke6 54. Ra6+ 1/2-1/2


[Site "https://www.chess.com"]

[Event "Titled Tuesday Blitz May 4 2021"]
[White "Yilmaz, Mustafa"]
[Black "Salinas Herrera, Pablo"]
[WhiteFideId "6302718"]
[BlackFideId "3407128"]
[WhiteElo "2518"]
[BlackElo "2541"]
[Result "1-0"]
[Round "11"]
[TimeControl "180+1"]
[Date "2021.05.04"]
[WhiteClock "0:00:19"]
[BlackClock "0:00:01"]

1. d4 d5 2. c4 e6 3. Nc3 Nf6 4. cxd5 exd5 5. Bg5 c6 6. e3 h6 7. Bh4 Bd6 8. Bd3 O-O 9. Nge2 Re8 10. Qc2 a5 11. h3 Na6 12. a3 Nc7 13. O-O Ne6 14. f4 Bd7 15. Qd2 b5 16. Ng3 Bf8 17. Nge2 Rb8 18. Bf2 c5 19. dxc5 Nxc5 20. Bh4 Nxd3 21. Qxd3 Qb6 22. Bxf6 Rxe3 23. Qd4 Bc5 24. Nxd5 Bxd4 25. Bxd4 Qe6 26. Nxe3 Bc6 27. f5 Qe4 28. Rf4 Qd3 29. Rf2 Re8 30. Rc1 Ba8 31. Rc3 Qb1+ 32. Rf1 Qe4 33. b4 axb4 34. axb4 h5 35. Bc5 Bc6 36. Rf4 Qb1+ 37. Kh2 Qe1 38. Rc2 Bb7 39. Rf1 Qh4 40. Nf4 Qd8 41. Rd1 Qc7 42. Bd6 Qb6 43. Bc5 Qc7 44. Rf2 1-0


[Site "https://www.chess.com"]

[Event "Titled Tuesday Blitz May 4 2021"]
[White "Yonal, Timur"]
[Black "Prohorov, Olexandr"]
[WhiteFideId "44115725"]
[BlackFideId "14105578"]
[WhiteElo "1694"]
[BlackElo "2100"]
[Result "0-1"]
[Round "11"]
[TimeControl "180+1"]
[Date "2021.05.04"]
[WhiteClock "0:00:01"]
[BlackClock "0:01:44"]

1. e4 c5 2. Nf3 Nc6 3. Bb5 Nd4 4. Nxd4 cxd4 5. O-O e6 6. d3 Nf6 7. f4 a6 8. Bc4 d5 9. exd5 Nxd5 10. Re1 Be7 11. Re5 O-O 12. Bxd5 exd5 13. Nd2 f6 14. Re1 Bd6 15. Nf3 Bg4 16. h3 Bh5 17. g4 Bf7 18. f5 Qc7 19. Bd2 Rfe8 20. Kg2 Qb6 21. b3 Rac8 22. Rc1 Ba3 23. Rb1 Re3 24. Bxe3 dxe3 25. Qe2 d4 26. Qd1 Bd5 27. Re2 Qc6 28. Re1 Bb4 29. Rf1 Re8 30. Qe2 Bd6 0-1


[Site "https://www.chess.com"]

[Event "Titled Tuesday Blitz May 4 2021"]
[White "Yoo, Christopher Woojin"]
[Black "Shipov, Sergei"]
[WhiteFideId "30909694"]
[BlackFideId "4113624"]
[WhiteElo "2009"]
[BlackElo "2744"]
[Result "1/2-1/2"]
[Round "11"]
[TimeControl "180+1"]
[Date "2021.05.04"]
[WhiteClock "0:00:05"]
[BlackClock "0:00:08"]

1. e4 e6 2. b3 d5 3. Bb2 Nf6 4. e5 Nfd7 5. f4 c5 6. Qg4 Nc6 7. Nf3 a6 8. Nc3 b5 9. Be2 c4 10. O-O g6 11. d3 b4 12. Nd1 c3 13. Bc1 Bc5+ 14. Be3 Bxe3+ 15. Nxe3 Qb6 16. Kf2 O-O 17. h4 Nd4 18. Nxd4 Qxd4 19. h5 Kg7 20. Rh1 a5 21. Qh4 g5 22. Qxg5+ Kh8 23. Rh4 f6 24. exf6 Nxf6 25. Rah1 Ra7 26. h6 e5 27. f5 e4 28. R1h3 Rg8 29. Qf4 Re7 30. Rg3 Rge8 31. Rg7 Rxg7 32. hxg7+ Kxg7 33. Kf1 Kh8 34. Qh6 Rg8 35. Ng4 exd3 36. Qxf6+ Qxf6 37. Nxf6 dxe2+ 38. Ke1 Rg7 39. g4 d4 40. Kxe2 Ba6+ 41. Kd1 d3 42. cxd3 Bxd3 43. Rh3 Rf7 44. Nxh7 Rxh7 45. Rxd3 Rh1+ 46. Kc2 Rh2+ 47. Kc1 Rxa2 48. f6 a4 49. bxa4 Ra1+ 50. Kc2 Ra2+ 51. Kb1 Rb2+ 52. Kc1 Rf2 53. g5 Kh7 54. a5 Kg6 55. a6 Ra2 56. Rf3 Rxa6 57. f7 b3 58. Rxc3 Kxf7 59. Rxb3 Kg6 60. Rb5 Re6 61. Kd2 Re4 62. Kd3 Rg4 63. Ke3 Rxg5 64. Rxg5+ Kxg5 1/2-1/2


[Site "https://www.chess.com"]

[Event "Titled Tuesday Blitz May 4 2021"]
[White "Zaichenko, Daria"]
[Black "Lewtak, Damian"]
[WhiteFideId "4197453"]
[BlackFideId "1141724"]
[WhiteElo "2039"]
[BlackElo "2291"]
[Result "0-1"]
[Round "11"]
[TimeControl "180+1"]
[Date "2021.05.04"]
[WhiteClock "0:00:09"]
[BlackClock "0:00:15"]

1. e4 c5 2. Nf3 d6 3. d4 cxd4 4. Nxd4 Nf6 5. Nc3 Nc6 6. Bc4 Qb6 7. Nxc6 bxc6 8. O-O e5 9. Qe1 Be7 10. Kh1 Be6 11. Bxe6 fxe6 12. f4 exf4 13. Rxf4 e5 14. Rf1 O-O 15. Be3 Qxb2 16. Rb1 Qxc2 17. Rb7 Rf7 18. Rf2 Qd3 19. Rf3 Raf8 20. Bxa7 Qc4 21. h3 Nh5 22. Rxf7 Rxf7 23. Rb8+ Bf8 24. Qe3 Nf4 25. Kh2 Qf1 26. Qg1 Qxg1+ 27. Bxg1 d5 28. Bc5 d4 29. Na4 Ne6 30. Bd6 d3 31. Nc3 d2 32. Kg1 Rd7 33. Bxf8 d1=Q+ 34. Nxd1 Rxd1+ 35. Kf2 Nxf8 36. a4 Ra1 37. Ra8 c5 38. a5 Kf7 39. a6 Ne6 40. a7 c4 41. Rc8 Rxa7 42. Rxc4 Rc7 43. Ra4 Rc2+ 44. Kg1 Kf6 45. Ra6 Rd2 46. g4 h6 47. h4 g5 48. hxg5+ hxg5 49. Kf1 Rd4 50. Kf2 Rxe4 51. Kg3 Rf4 52. Kh3 e4 53. Kg3 e3 54. Ra3 Re4 55. Kf3 e2 56. Ra1 e1=Q 57. Rxe1 Rxe1 58. Kg2 Re4 59. Kf3 Ke5 60. Kg3 Re3+ 61. Kf2 Kf4 62. Kg2 Rf3 63. Kh2 Rg3 64. Kh1 Kf3 65. Kh2 Kf2 66. Kh1 Rh3# 0-1


[Site "https://www.chess.com"]

[Event "Titled Tuesday Blitz May 4 2021"]
[White "Zemerov, Vladimir"]
[Black "Gabdushev, Ruslan"]
[WhiteFideId "4111583"]
[BlackFideId "4137833"]
[WhiteElo "2277"]
[BlackElo "2312"]
[Result "0-1"]
[Round "11"]
[TimeControl "180+1"]
[Date "2021.05.04"]
[WhiteClock "0:01:35"]
[BlackClock "0:01:31"]

1. e4 Nc6 2. Nf3 d6 3. d4 Bg4 4. h3 Bxf3 5. gxf3 Nf6 6. Be3 e5 7. d5 Ne7 8. Bb5+ c6 9. dxc6 bxc6 10. Be2 Ng6 11. Nc3 Be7 12. Qd2 O-O 13. f4 exf4 14. Bxf4 Rb8 15. Bc4 Rxb2 16. Bb3 Nxf4 17. Qxf4 Qa5 18. Qd2 d5 19. exd5 Bb4 20. O-O Bxc3 21. Qg5 Rxb3 0-1


[Site "https://www.chess.com"]

[Event "Titled Tuesday Blitz May 4 2021"]
[White "davigator"]
[Black "Gaboyan, Susanna"]
[BlackFideId "13303627"]
[WhiteElo "2398"]
[BlackElo "2135"]
[Result "1-0"]
[Round "11"]
[TimeControl "180+1"]
[Date "2021.05.04"]
[WhiteClock "0:01:15"]
[BlackClock "0:00:01"]

1. e4 c5 2. Nf3 Nc6 3. d4 cxd4 4. Nxd4 Nf6 5. Nc3 e5 6. Ndb5 d6 7. Bg5 a6 8. Na3 b5 9. Bxf6 gxf6 10. Nd5 f5 11. c3 Bg7 12. exf5 Bxf5 13. Nc2 O-O 14. Be2 Be4 15. Nce3 Ne7 16. O-O Nxd5 17. Nxd5 Qg5 18. Bf3 Bxf3 19. Qxf3 Kh8 20. a4 bxa4 21. Rxa4 Rg8 22. g3 f5 23. Rfa1 e4 24. Qf4 Qxf4 25. Nxf4 Rgb8 26. R1a2 Be5 27. Nd5 Rb7 28. Nb4 Rc8 29. Rxa6 Kg7 30. Ra7 Rcc7 31. Rxb7 Rxb7 32. Kf1 Kf6 33. Ra6 Ke6 34. Ke2 h5 35. Ke3 h4 36. Ra8 hxg3 37. hxg3 Rh7 38. Re8+ Kd7 39. Ra8 Rh1 40. Nd5 Re1+ 41. Kd2 Rf1 42. Ke2 Rb1 43. Rb8 Kc6 44. Ne7+ Kc7 45. Rb4 f4 46. gxf4 Bg7 47. Nd5+ Kc6 48. Ne3 d5 49. Nc2 Kc5 50. Ke3 Bf6 51. f3 exf3 52. Kxf3 Rc1 53. Ne3 Rb1 54. Kg4 Re1 55. Nf5 Rg1+ 56. Ng3 Rg2 57. Kf3 Rh2 58. Nf1 Rc2 59. Ne3 Rc1 60. Ng4 Be7 61. Ne5 Kd6 62. Rb7 Bf6 63. Rb6+ 1-0


[Site "https://www.chess.com"]

[Event "Titled Tuesday Blitz May 4 2021"]
[White "elohunter1999"]
[Black "Vasquez Schroeder, Rodrigo"]
[BlackFideId "3400042"]
[WhiteElo "2540"]
[BlackElo "2572"]
[Result "0-1"]
[Round "11"]
[TimeControl "180+1"]
[Date "2021.05.04"]
[WhiteClock "0:00:02"]
[BlackClock "0:00:03"]

1. Nf3 c5 2. c4 Nf6 3. Nc3 e6 4. g3 b6 5. Bg2 Bb7 6. O-O a6 7. d4 cxd4 8. Qxd4 d6 9. Rd1 Nbd7 10. Bg5 Be7 11. Rac1 Rc8 12. b3 O-O 13. Qd2 Qc7 14. Bxf6 Nxf6 15. Ng5 Bxg2 16. Kxg2 Qb7+ 17. Kg1 Rfd8 18. Qd3 h6 19. Nge4 Ne8 20. Qf3 Rb8 21. a4 Qc7 22. Qh5 Bf8 23. Rd3 g6 24. Qf3 Bg7 25. Rcd1 f5 26. Nd2 Nf6 27. Qe3 Re8 28. Nf3 Ng4 29. Qd2 Bf8 30. h3 Nf6 31. g4 Ne4 32. Qc2 Nc5 33. Re3 Qf7 34. Nd4 Rbc8 35. Rf3 Nd7 36. e3 Ne5 37. Rg3 Kh8 38. Kh1 Bg7 39. Rdg1 f4 40. exf4 Qxf4 41. Ne4 d5 42. Nd6 Qxd4 43. Nxe8 Rxe8 44. Rd1 Qf4 45. cxd5 exd5 46. Re3 d4 47. Re4 Qf3+ 48. Kh2 Rf8 49. Rdxd4 g5 50. Re3 Qf7 51. Rde4 Nf3+ 52. Kg2 Nh4+ 53. Kg1 Ng6 54. Qc4 Qxf2+ 55. Kh1 Nh4 56. Qe2 Qf6 57. Re8 Qa1+ 58. Kh2 Qf6 59. Rxf8+ Bxf8 60. Re6 Bd6+ 61. Kh1 Qa1+ 62. Qe1 Qd4 63. Re8+ Kg7 64. Re7+ Bxe7 65. Qxe7+ Kg6 66. Qe8+ Kh7 67. Qf7+ Qg7 68. Qd5 Qe7 69. Qd3+ Ng6 70. Qxa6 Qe1+ 71. Kh2 Qf2+ 72. Kh1 Qf3+ 73. Kh2 Nf4 0-1


[Site "https://www.chess.com"]

[Event "Titled Tuesday Blitz May 4 2021"]
[White "katchesskat"]
[Black "Suarez Uriel, Adrian"]
[BlackFideId "22230874"]
[WhiteElo "2290"]
[BlackElo "2299"]
[Result "0-1"]
[Round "11"]
[TimeControl "180+1"]
[Date "2021.05.04"]
[WhiteClock "0:00:01"]
[BlackClock "0:00:16"]

1. c4 b6 2. e3 Bb7 3. a3 g6 4. Qc2 Bg7 5. Be2 c5 6. Nf3 Nf6 7. d3 O-O 8. Nbd2 d5 9. cxd5 Nxd5 10. O-O Nd7 11. h3 e5 12. Re1 Re8 13. Nh2 f5 14. b3 e4 15. Bb2 exd3 16. Bxd3 Ne5 17. Be2 Qc7 18. Rac1 Rad8 19. Nc4 Ba8 20. Nf3 Nxf3+ 21. Bxf3 Bh6 22. Bxd5+ Bxd5 23. Rcd1 b5 24. Nd2 Qb7 25. Qc3 Bg7 26. Qxg7+ Qxg7 27. Bxg7 Kxg7 28. Rc1 Bxg2 29. Kxg2 Rxd2 30. Rxc5 f4 31. e4 f3+ 32. Kg3 a6 33. Re3 Ra2 34. Rc7+ Kh6 35. b4 Re5 36. h4 Ra1 37. Kxf3 Rh5 38. e5 Rf5+ 39. Kg3 Rg1+ 40. Kh2 Rg4 41. f3 Rxh4+ 42. Kg3 Rhh5 43. f4 g5 44. Re4 gxf4+ 45. Rxf4 Rhg5+ 46. Kf3 Rxe5 47. Rc6+ Rg6 48. Rxg6+ hxg6 0-1


[Site "https://www.chess.com"]

[Event "Titled Tuesday Blitz May 4 2021"]
[White "serhanberat_ozdemir"]
[Black "Prraneeth Vuppala"]
[BlackFideId "46622373"]
[WhiteElo "2629"]
[BlackElo "1759"]
[Result "1/2-1/2"]
[Round "11"]
[TimeControl "180+1"]
[Date "2021.05.04"]
[WhiteClock "0:00:02"]
[BlackClock "0:00:29"]

1. e4 e5 2. Nf3 Nc6 3. d4 exd4 4. Bc4 d6 5. Nxd4 Nxd4 6. Qxd4 Qf6 7. Qxf6 Nxf6 8. Nc3 Be6 9. Bb3 Be7 10. f4 O-O-O 11. O-O a6 12. h3 Bxb3 13. axb3 Rhe8 14. Be3 Bf8 15. Bd4 Nxe4 16. Rae1 Nxc3 17. Bxc3 d5 18. Kf2 g6 19. Bf6 Bc5+ 20. Kf3 Rxe1 21. Rxe1 Rd6 22. Re8+ Kd7 23. Re7+ Kc6 24. Rxf7 Re6 25. Be5 Bd6 26. Bxd6 Kxd6 27. Rxh7 d4 28. Rg7 b5 29. h4 c5 30. g4 c4 31. bxc4 bxc4 32. Rb7 Kd5 33. h5 Re3+ 34. Kf2 gxh5 35. gxh5 Rh3 36. Rh7 Rh2+ 37. Kg3 Rxc2 38. Rd7+ Ke4 39. Re7+ Kd3 40. Rb7 Rc1 41. h6 Rh1 42. h7 Kc2 43. Kg2 Rh6 44. Rc7 d3 45. Rxc4+ Kxb2 46. Kf3 Rxh7 47. Ke3 Rd7 48. Kd2 a5 49. f5 Ra7 50. f6 a4 51. Rb4+ Ka3 52. Rf4 Kb3 53. f7 Rxf7 54. Rxf7 a3 55. Kxd3 Kb2 56. Rb7+ Kc1 57. Ra7 Kb2 58. Rb7+ Kc1 59. Ra7 Kb2 60. Rb7+ 1/2-1/2


[Site "https://www.chess.com"]

[Event "Titled Tuesday Blitz May 4 2021"]
[White "tylityli"]
[Black "Mohandesi, Shahin"]
[BlackFideId "12501247"]
[WhiteElo "2345"]
[BlackElo "1993"]
[Result "0-1"]
[Round "11"]
[TimeControl "180+1"]
[Date "2021.05.04"]
[WhiteClock "0:00:05"]
[BlackClock "0:00:58"]

1. d4 Nf6 2. c4 e6 3. Nc3 Bb4 4. e3 b6 5. Ne2 Ne4 6. Qc2 Bb7 7. a3 Nxc3 8. Nxc3 Bxc3+ 9. Qxc3 Qf6 10. f3 d6 11. e4 e5 12. Be3 Nc6 13. d5 Ne7 14. O-O-O h5 15. h4 Qg6 16. Bg5 f6 17. Be3 f5 18. Bg5 fxe4 19. fxe4 Qxe4 20. Bd3 Qg4 21. Rde1 Bc8 22. Rhf1 Bf5 23. Rxe5 dxe5 24. Qxe5 O-O 25. Be2 Qe4 26. Qxe7 Qc2# 0-1


[Site "https://www.chess.com"]

[Event "Titled Tuesday Blitz May 4 2021"]
[White "volunteers1998"]
[Black "Suvorov, Luca"]
[BlackFideId "12977071"]
[WhiteElo "2241"]
[BlackElo "2127"]
[Result "1/2-1/2"]
[Round "11"]
[TimeControl "180+1"]
[Date "2021.05.04"]
[WhiteClock "0:00:05"]
[BlackClock "0:00:03"]

1. e4 e5 2. Nc3 Nc6 3. Bc4 Nf6 4. d3 Na5 5. Bb3 Nxb3 6. axb3 Bc5 7. f4 d5 8. fxe5 Ng4 9. d4 Bb4 10. Bf4 dxe4 11. h3 g5 12. Bc1 Nh6 13. Ne2 g4 14. O-O gxh3 15. Nxe4 hxg2 16. Rf2 Ng4 17. Rxg2 Rg8 18. Bf4 Bf5 19. N2g3 Be6 20. Nh5 Qh4 21. Nhf6+ Ke7 22. Nxg8+ Rxg8 23. Qf3 Bd5 24. c3 Bxe4 25. Qxe4 Nf2 26. Qf3 Nh3+ 27. Kf1 Rxg2 28. Kxg2 Nxf4+ 29. Kf1 Nh5 30. cxb4 Ng3+ 31. Kg2 Ne4 32. Rd1 Qg5+ 33. Kh2 Qh4+ 34. Kg2 Qg5+ 35. Kh2 Qh4+ 36. Kg2 1/2-1/2